 Dungeon Crawl Stone Soup version 0.11.3 (console) character file.

177 Lightli the Changer (level 4, -2/25 HPs)
             Began as a Deep Elf Stalker on July 3, 2022.
             Succumbed to poison (a potion of poison)
             ... on Level 3 of the Dungeon.
             The game lasted 00:03:06 (2111 turns).

Lightli the Changer (Deep Elf Stalker)              Turns: 2111, Time: 00:03:06

HP  -2/25        AC  3     Str  7      XL: 4   Next: 47%
MP  10/10        EV 18     Int 18      God:
Gold 77          SH  0     Dex 21      Spells:  2 memorised,  4 levels left

Res.Fire  : . . .   See Invis. : .   a - +2 elf dagger {=f}
Res.Cold  : . . .   Warding    : .   b - +0 elf robe
Life Prot.: . . .   Conserve   : .   (no shield)
Res.Poison: .       Res.Corr.  : .   (no helmet)
Res.Elec. : .       Clarity    : .   c - +0 elf cloak
Sust.Abil.: . .     Spirit.Shd : .   (no gloves)
Res.Mut.  : .       Stasis     : .   (no boots)
Res.Rott. : .       Ctrl.Telep.: .   (no amulet)
Saprovore : . . .   Levitation : +   (no ring) Ctrl.Flight: .
                                     (no ring)

@: agile, levitating, very poisoned, slightly resistant to hostile enchantments,
very stealthy
A: no striking features
a: no special abilities


You were on level 3 of the Dungeon.
You were not hungry.

You visited 1 branch of the dungeon, and saw 3 of its levels.

You collected 57 gold pieces.

Inventory:

Hand weapons
 a - a +2,+2 elven dagger (weapon) {=f}
Armour
 b - a +0 elven robe (worn)
 c - a +0 elven cloak (worn)
Comestibles
 j - a meat ration
 o - an apple
Scrolls
 f - 2 scrolls of teleportation {unknown}
 g - 3 scrolls of remove curse {unknown}
 h - a scroll of enchant weapon II {unknown}
 i - a scroll of identify {unknown}
 l - a scroll of enchant armour {unknown}
Potions
 e - 6 potions of confusion
 p - a potion of poison
Books
 d - a book of Stalking

   Spells                             Type                      Level
   *Fulsome Distillation              Transmutation/Necromancy     1
   *Evaporate                         Fire/Transmutation           2
   Passwall                           Transmutation/Earth          3
   Petrify                            Transmutation/Earth          4
   Dig                                Transmutation/Earth          4


   Skills:
 - Level 0.7 Fighting
 - Level 1.0 Short Blades
 - Level 2.4 Dodging
 - Level 2.4 Stealth
 - Level 2.1 Stabbing
 + Level 2.1 Spellcasting
 - Level 5.0 Transmutations


You had 4 spell levels left.
You knew the following spells:

 Your Spells              Type           Power        Failure   Level  Hunger
a - Fulsome Distillation  Trmt/Necr      N/A          8%          1    #......
b - Evaporate             Fire/Trmt      ###....      12%         2    ##.....


Dungeon Overview and Level Annotations

Branches:
Dungeon (3/27)

Altars:


Message History

You feel more agile all of a sudden.
It was a potion of agility.
Drink which item? (? for menu, Esc to quit)
You feel refreshed.
It was a potion of restore abilities.
* * * LOW HITPOINT WARNING * * *
You feel sick.
You start resting.
* * * LOW HITPOINT WARNING * * *
You feel sick.
You start resting.
* * * LOW HITPOINT WARNING * * *
You feel sick.
Drink which item? (? for menu, Esc to quit)
That liquid tasted very nasty...
You are more poisoned.
* * * LOW HITPOINT WARNING * * *
You feel very sick.
Drink which item? (? for menu, Esc to quit)
You feel very buoyant.
You gently float away from the floor.
It was a potion of levitation.
You die...

.#. #.... .. #...#
#. ....+ #+##### #.
#...# #.#.. ..#.
#...# #.#.# .#.
#...# #.#.# ..
#...# #.#.#####.
#.@.# #.#.......
#...####.#.........
#.(......#.........
#..#######.........
#..................
#....#.####........
#....#.#####......<
#.......<..........
#..#.##############


There were no monsters in sight!

Vanquished Creatures
  Sigmund (D:2)
  A worm (D:3)
  A giant gecko (D:1)
  A ball python (D:1)
  3 giant cockroaches
  3 goblins (D:1)
  6 hobgoblins
  5 kobolds
  4 bats
  A rat (D:1)
26 creatures vanquished.

Notes
Turn   | Place    | Note
--------------------------------------------------------------
     0 | D:1      | Lightli, the Deep Elf Stalker, began the quest for the Orb.
     0 | D:1      | Reached XP level 1. HP: 12/12 MP: 2/2
   289 | D:1      | Reached skill level 3 in Transmutations
   294 | D:1      | Reached XP level 2. HP: 6/16 MP: 0/4
  1336 | D:2      | Noticed Sigmund
  1370 | D:2      | Learned a level 2 spell: Evaporate
  1692 | D:2      | Killed Sigmund
  1692 | D:2      | Reached skill level 5 in Transmutations
  1692 | D:2      | Reached XP level 3. HP: 18/20 MP: 0/7
  1692 | D:2      | Reached XP level 4. HP: 22/25 MP: 0/9
  2110 | D:3      | HP: 1/25 [poison (a potion of poison)]
  2111 | D:3      | Succumbed to poison (a potion of poison)
